 Dungeon Crawl Stone Soup version 0.26-a0-752-gcff87cac9a (webtiles) character file.

Game seed: 16242271122585210825

15780 Queen the Cleaver (level 12, 0/104 HPs)
             Began as a Hill Orc Fighter on Nov 6, 2020.
             Was an Elder of Beogh.
             Succumbed to a meliai's poison
             ... on level 12 of the Dungeon.
             The game lasted 00:40:07 (13864 turns).

Queen the Cleaver (Hill Orc Fighter)               Turns: 13864, Time: 00:40:07

Health: 0/104      AC: 16    Str: 27    XL:     12   Next: 30%
Magic:  19/19      EV: 11    Int:  8    God:    Beogh [****..]
Gold:   523        SH: 12    Dex: 13    Spells: 11/11 levels left

rFire    x . .     SeeInvis .   a - +2 hand axe (vorpal)
rCold    + + .     Faith    .   c - +0 kite shield
rNeg     . . .     Spirit   .   q - +1 scale mail {rC+}
rPois    .         Reflect  .   s - +1 helmet
rElec    .         Harm     .   (no cloak)
rCorr    .         Rampage  .   h - +2 pair of gloves {Str+3}
MR       +....                  m - +0 pair of boots
Stlth    ..........             (no amulet)
HPRegen  0.27/turn              I - ring "Bauraf" {MR+ Dex+3}
MPRegen  0.16/turn              e - ring of ice

@: lethally poisoned (0 -> -9)
A: no striking features
a: Smiting, Recall Orcish Followers, Renounce Religion


You were on level 12 of the Dungeon.
You worshipped Beogh.
Beogh was greatly pleased with you.
You visited 1 branch of the dungeon, and saw 13 of its levels.
You also visited: Sewer.

You collected 962 gold pieces.
You spent 439 gold pieces at shops.

Inventory:

Hand Weapons
 a - a +2 vorpal hand axe (weapon)
Missiles
 n - 3 throwing nets (quivered)
Armour
 c - a +0 kite shield (worn)
 h - a +2 pair of gloves of strength (worn)
 m - a +0 pair of boots (worn)
 q - a +1 scale mail of cold resistance (worn)
 s - a +1 helmet (worn)
 H - +0 swamp dragon scales
 P - a +0 pair of boots
Jewellery
 d - an uncursed ring of poison resistance
 e - a ring of ice (right hand)
 l - an uncursed ring of see invisible {unknown}
 I - the ring "Bauraf" (left hand) {MR+ Dex+3}
   (You bought it in a shop on level 8 of the Dungeon)

   [ring of protection from magic]

   It affects your dexterity (+3).
   It affects your resistance to hostile enchantments.
Wands
 b - a wand of enslavement (24)
 x - a wand of polymorph (8)
 y - a wand of iceblast (5)
 z - a wand of digging (4)
 J - a wand of flame (8)
 M - a wand of disintegration (23)
 N - a wand of acid (6)
Scrolls
 f - 3 scrolls of fog
 i - 10 scrolls of teleportation
 k - 6 scrolls of enchant armour
 o - 5 scrolls of magic mapping
 r - 8 scrolls of identify
 w - a scroll of blinking
 A - 5 scrolls of remove curse
 D - 2 scrolls of vulnerability {unknown}
 E - 2 scrolls of immolation {unknown}
 F - a scroll of fear
 L - 2 scrolls of enchant weapon {unknown}
Potions
 g - 4 potions of heal wounds
 j - 5 potions of flight
 p - 2 potions of curing
 t - a potion of haste {unknown}
 u - 3 potions of attraction {unknown}
 v - a potion of invisibility {unknown}
 B - 2 potions of resistance {unknown}
 C - a potion of mutation {unknown}
 G - 2 potions of lignification {unknown}
 K - a potion of ambrosia {unknown}
 O - 2 potions of brilliance {unknown}


   Skills:
 + Level 9.2 Fighting
 + Level 13.9 Axes
 + Level 9.1 Armour
 - Level 4.0 Dodging
 + Level 9.9 Shields
 * Level 10.5 Invocations


You had 11 spell levels left.
You didn't know any spells.
Your spell library contained the following spells:

 Spells                   Type           Power        Failure   Level
 Animate Skeleton         Necr           #.....       86%         1
 Apportation              Tloc           #.....       86%         1
 Corona                   Hex            #......      86%         1
 Foxfire                  Conj/Fire      #...         86%         1
 Pain                     Necr           #...         86%         1
 Sting                    Tmut/Pois      #...         86%         1
 Summon Small Mammal      Summ           #...         86%         1
 Conjure Flame            Conj/Fire      #.......     99%         3
 Inner Flame              Hex/Fire       #.......     99%         3
 Stone Arrow              Conj/Erth      #.....       99%         3
 Vampiric Draining        Necr           #.........   99%         3
 Animate Dead             Necr           #.........   100%        4
 Sticky Flame             Conj/Fire      #.......     100%        4
 Agony                    Necr           #.......     100%        5
 Bolt of Magma            Conj/Fire/Erth #.........   100%        5
 Fireball                 Conj/Fire      #.........   100%        5
 Lee's Rapid Deconstruct  Erth           #.........   100%        5
 Statue Form              Tmut/Erth      #........    100%        6


Dungeon Overview and Level Annotations

Branches:
Dungeon (13/15)            Temple (0/1) D:7            Lair (0/6) D:10
  Sewer (visited)
    Orc: D:9-12      Vaults: D:13-14

Altars:
Dithmenos
Gozag
Hepliaklqana
Makhleb
Ru
Sif Muna
Trog
Yredelemnul
The Shining One

Shops:
D:7 *   D:8 =   D:9 *

Portals:
Ice
Cave: D:11

Annotations:
D:10 5 runed translucent doors


Message History

* * * LOW HITPOINT WARNING * * *
The meliai mumbles some strange prayers to its god against you.
Something smites you!
* * * LOW HITPOINT WARNING * * *
The meliai hits you with a +0 war axe.
* * * LOW HITPOINT WARNING * * *
You block the meliai's attack.
You see here a pair of boots.
P - a pair of boots You block the meliai's attack.
The meliai stings you.
* * * LOW HITPOINT WARNING * * *
You block the meliai's attack. x2; The meliai hits you with a +0 war axe!
* * * LOW HITPOINT WARNING * * *
You block the meliai's attack. The meliai barely misses you.
The meliai stings you.
* * * LOW HITPOINT WARNING * * *
You are lethally poisoned!
The meliai poisons you!
Unknown command.
You die...

# ... ..# #.
... ..#
###..#### #.#
#.# ...y...y#
#.# #.# #.#
#.###.# #.#
#(##..###
#.####.yyy...#
#.....###.##.#
#####.# #@##.#
#.# #.##.# #.#
#.##.# #.#
#.##.#
#.###.##.#
#.##...#(#
#........#
###..#...###
#.#....##.##


You could see 2 meliai.

Vanquished Creatures
  An ice dragon (D:11)
  Harold (D:7)
  A hydra (D:9)
  2 two-headed ogres
  An unseen horror (D:10)
  Pikel (D:6)
  An ugly thing (D:13)
  A gargoyle (D:11)
  Maggie (D:8)
  2 tengu conjurers (D:13)
  A troll (D:10)
  2 polar bears (D:11)
  Prince Ribbit (D:8)
  A vampire (D:10)
  2 wyverns (D:9)
  9 yaks
  A wraith (D:9)
  A steam dragon (D:9)
  Duvessa (D:4)
  2 orc warriors
  2 water moccasins
  4 black bears
  An ice beast (D:10)
  3 ogres
  2 phantoms
  3 wolves (D:10)
  A lemure (D:6)
  8 centaurs
  2 big kobolds
  8 bullfrogs
  A gnoll sergeant (D:10)
  Dowan (D:4)
  3 scorpions
  2 jellies (D:7)
  10 killer bees
  18 wights
  An electric eel (D:10)
  A howler monkey (D:4)
  A bullfrog zombie (D:7)
  A centaur zombie (D:10)
  2 orc priests
  14 hounds
  8 orc wizards
  A centaur skeleton (D:5)
  Ijyb (D:5)
  3 iguanas
  9 worker ants
  Natasha (twice) (D:2)
  3 hound skeletons
  15 gnolls
  A howler monkey skeleton (D:7)
  10 adders
  2 shadow imps
  A white imp (D:8)
  An ufetubus (D:6)
  4 oozes
  2 adder skeletons (D:4)
  6 worms
  4 dart slugs
  7 leopard geckos
  34 orcs
  A ball python (Sewer)
  14 giant cockroaches
  11 goblins
  15 hobgoblins
  22 jackals
  5 quokkas
  12 bats
  6 frilled lizards
  7 kobolds
  11 rats
340 creatures vanquished.

Vanquished Creatures (collateral kills)
  A boulder beetle (D:11)
  A cyclops (D:11)
  A troll (D:11)
  2 yaks (D:10)
  An orc warrior (D:11)
  2 centaurs (D:11)
  A wight (D:10)
  2 electric eels (D:10)
  An orc wizard (D:10)
  An iguana (D:10)
  A gnoll (D:10)
  An orc (D:11)
15 creatures vanquished.

Vanquished Creatures (others)
  An orc wizard (D:11)
  A leopard gecko skeleton (D:4)
  2 plants (D:7)
4 creatures vanquished.

Grand Total: 359 creatures vanquished

Notes
Turn   | Place    | Note
-------+----------+-------------------------------------------
     0 | D:1      | Queen the Hill Orc Fighter began the quest for the Orb.
     0 | D:1      | Reached XP level 1. HP: 19/19 MP: 1/1
   144 | D:1      | Reached XP level 2. HP: 25/27 MP: 2/2
   529 | D:1      | Reached XP level 3. HP: 33/33 MP: 3/3
   823 | D:2      | Reached skill level 3 in Axes
  1112 | D:2      | Reached XP level 4. HP: 33/40 MP: 4/4
  1222 | D:2      | Reached skill level 4 in Axes
  1604 | D:2      | Found an opulent altar of Gozag.
  1604 | D:2      | Found a bloodstained altar of Trog.
  1620 | D:2      | Noticed Natasha
  1629 | D:2      | Killed Natasha
  1629 | D:2      | Reached XP level 5. HP: 27/46 MP: 5/5
  1782 | D:2      | Noticed Natasha
  2027 | D:2      | Killed Natasha
  2285 | D:3      | Found a shadowy altar of Dithmenos.
  2339 | D:3      | Reached skill level 5 in Axes
  2881 | D:3      | Found a hazy altar of Hepliaklqana.
  2910 | D:3      | Reached XP level 6. HP: 53/53 MP: 6/6
  3519 | D:4      | Reached skill level 1 in Dodging
  3556 | D:4      | Reached skill level 6 in Axes
  3700 | D:4      | Reached XP level 7. HP: 48/60 MP: 7/7
  3741 | D:4      | HP: 3/60 [ogre/+0 giant club (28)]
  3742 | D:4      | Reached skill level 7 in Axes
  3757 | D:4      | Found a glowing drain.
  3775 | Sewer    | Entered a sewer
  4400 | Sewer    | Reached skill level 5 in Armour
  4567 | D:4      | Reached skill level 5 in Shields
  4728 | D:4      | Became a worshipper of Beogh the Brigand
  4885 | D:4      | Reached skill level 1 in Invocations
  4996 | D:5      | Entered Level 5 of the Dungeon
  5119 | D:5      | Reached skill level 5 in Fighting
  5119 | D:5      | Reached XP level 8. HP: 66/68 MP: 9/9
  5131 | D:5      | Reached skill level 8 in Axes
  5181 | D:5      | Noticed Dowan
  5181 | D:5      | Noticed Duvessa
  5223 | D:4      | Killed Duvessa
  5240 | D:4      | Killed Dowan
  5548 | D:5      | Noticed Ijyb
  5555 | D:5      | Killed Ijyb
  5735 | D:5      | Found a sacrificial altar of Ru.
  5855 | D:6      | Found a glowing golden altar of the Shining One.
  5876 | D:6      | Found a basalt altar of Yredelemnul.
  5926 | D:6      | Reached * piety under Beogh
  6182 | D:6      | Reached skill level 9 in Axes
  6196 | D:6      | Noticed Pikel
  6225 | D:6      | Killed Pikel
  6225 | D:6      | Reached XP level 9. HP: 59/75 MP: 10/12
  6315 | D:6      | Reached skill level 10 in Axes
  6577 | D:6      | Reached skill level 5 in Invocations
  7336 | D:7      | Found a staircase to the Ecumenical Temple.
  7555 | D:7      | Reached ** piety under Beogh
  7556 | D:7      | Noticed Harold
  7616 | D:7      | Killed Harold
  7616 | D:7      | Reached skill level 11 in Axes
  7616 | D:7      | Reached XP level 10. HP: 36/84 MP: 13/15
  8095 | D:7      | Found Ajyr Roa's Assorted Antiques.
  8107 | D:7      | Bought a scroll of identify for 56 gold pieces
  8721 | D:8      | Noticed a two-headed ogre
  8731 | D:8      | Killed a two-headed ogre
  8789 | D:8      | Noticed Maggie
  8807 | D:8      | Killed Maggie
  9052 | D:8      | Found Laopn's Jewellery Emporium.
  9077 | D:8      | Bought the ring "Bauraf" {MR+ Dex+3} for 383 gold pieces
  9155 | D:8      | Noticed Prince Ribbit
  9161 | D:8      | Killed Prince Ribbit
  9161 | D:8      | Reached skill level 12 in Axes
  9549 | D:9      | Noticed an eight-headed hydra
  9555 | D:9      | Killed an eight-headed hydra
  9555 | D:9      | Noticed a two-headed ogre
  9557 | D:9      | Killed a two-headed ogre
  9557 | D:9      | Reached XP level 11. HP: 81/93 MP: 3/17
  9726 | D:9      | Found a shimmering blue altar of Sif Muna.
  9995 | D:9      | Found Ashozxuz's General Store.
 10264 | D:9      | Found a burning altar of Makhleb.
 10544 | D:10     | Entered Level 10 of the Dungeon
 10712 | D:10     | Identified the Catalogue of Poisoning and the Rocks
 10724 | D:10     | Found a runed translucent door.
 10728 | D:10     | Found a runed translucent gate.
 10730 | D:10     | Found a runed translucent gate.
 10730 | D:10     | Found a runed translucent gate.
 10855 | D:10     | Found a staircase to the Lair.
 11176 | D:10     | Found a runed translucent door.
 11193 | D:10     | Reached *** piety under Beogh
 11388 | D:10     | Found the +9 staff of Olgreb {rPois∞}
 11436 | D:10     | Reached skill level 13 in Axes
 11879 | D:10     | Killed an unseen horror
 12924 | D:11     | Noticed a cyclops
 12928 | D:11     | Noticed a boulder beetle
 12935 | D:11     | Killed a cyclops
 12960 | D:11     | Killed a boulder beetle
 12960 | D:11     | Reached **** piety under Beogh
 12960 | D:11     | Reached skill level 10 in Invocations
 13073 | D:11     | Reached XP level 12. HP: 101/103 MP: 19/19
 13121 | D:11     | Found a frozen archway.
 13122 | D:11     | Noticed an ice dragon
 13168 | D:11     | Killed an ice dragon
 13201 | D:11     | You fall into a shaft and drop 2 floors!
 13863 | D:12     | HP: 4/104 [meliai/+0 war axe (8)]
 13864 | D:12     | Succumbed to a meliai's poison

Illustrated notes

Levels and vault maps discovered:
D:1:      minmay_arrival_four_loops, layout_rooms, minmay_misc_feat_four_crosses
D:2:      cheibrodos_greedy_goblins, layout_loops_ring,
          gammafunk_temple_overflow_statue, uniq_natasha
D:3:      layout_basic, nicolae_overflow_hidden_temple, lemuel_crystal_altar,
          cheibrodos_gnoll_hut
D:4:      layout_gridville, gup_sewer_entry_pipe
D:5:      layout_cave_pools, kennysheep_little_box, uniq_ijyb, uniq_duvessa
D:6:      layout_loops_ring, tso_metal_star, kennysheep_mini_moat, minmay_bent,
          uniq_pikel
D:7:      layout_basic, minmay_temple_entry_tees, serial_shops,
          nicolae_shop_overgrown_old_shop, uniq_harold
D:8:      layout_basic, serial_shops, shop_coins, uniq_prince_ribbit1,
          uniq_maggie
D:9:      layout_rooms, lightli_temple_of_fire, serial_shops, shop,
          chequers_serial_rivers_small_a, minmay_ruined_shrine
D:10:     layout_roguey, erik_lair_island, abandoned_shop, grunt_ogre_cave,
          minmay_guarded_unrand_staff_of_olgreb
D:11:     layout_stronghold, serial_shops, shop,
          portal_ice_cave_entry_animals_and_master, kb_lookout_dungeons_type,
          minmay_misc_feat_more_columns, minivault_16
D:12:     layout_loops_ring, kennysheep_orc_monster_closet_entryway,
          special_room [special_room_orc], uniq_maurice
D:13:     layout_small_grid

Skill      XL: |  1  2  3  4  5  6  7  8  9 10 11 12 |
---------------+-------------------------------------+-----
Axes           | 3 4 5 6 7 9 11 12 13 | 13.9
Fighting       | 4 5 6 7 8 9 |  9.2
Armour         | 4 5 6 7 8 9 |  9.1
Shields        | 4 5 6 7 8 9 |  9.9
Dodging        | 1 2 3 4 |  4.0
Invocations    | 1 4 6 8 10 | 10.5

Action                   |  1- 3 |  4- 6 |  7- 9 | 10-12 || total
-------------------------+-------+-------+-------+-------++-------
Melee: War axe           |   128 |   223 |   210 |       ||   561
       Hand axe          |       |       |   216 |   751 ||   967
Invok: Convert to Beogh  |       |       |     1 |       ||     1
       Smiting           |       |       |     1 |     7 ||     8
  Use: Scroll            |       |       |    12 |       ||    12
       Potion            |       |       |     1 |       ||     1
 Stab: Distracted        |       |       |       |     3 ||     3
Armor: Scale mail        |    52 |    91 |   186 |   220 ||   549
Dodge: Dodged            |    38 |    51 |    94 |   175 ||   358
Block: Kite shield       |    55 |   119 |   233 |   337 ||   744

Table legend: (Time is in decaauts)
 A = Elapsed time spent in this place.
 B = Non-inter-level travel time spent in this place.
 C = Inter-level travel time spent in this place.
 D = Time resting spent in this place.
 E = Time spent auto-exploring this place.
 F = Levels seen in this place.
 G = Mean time per level.
                   A        B        C        D        E       F      G
               +--------+--------+--------+--------+--------+-----+--------+
         Total |  13962 |  13603 |    359 |   1942 |   8727 |  14 |  997.3 |
       Dungeon |  13064 |  12705 |    359 |   1708 |   8343 |  13 | 1004.9 |
         Sewer |    897 |    897 |      0 |    234 |    383 |   1 |  897.0 |
               +--------+--------+--------+--------+--------+-----+--------+

Top non-repeatable levels by time:
    D:10: 2264 daAuts
     D:3: 1470 daAuts
     D:2: 1386 daAuts
     D:8: 1379 daAuts
     D:7: 1224 daAuts
     D:4: 1162 daAuts
     D:6: 1048 daAuts
   Sewer: 897 daAuts
     D:9: 877 daAuts
     D:1: 783 daAuts
    D:13: 596 daAuts
     D:5: 544 daAuts
    D:11: 284 daAuts
    D:12: 41 daAuts
